 Dungeon Crawl Stone Soup version 0.31-a0-152-g6aa68a64a1 (webtiles) character file.

Game seed: 12558358388730422340

30 qw the Shooter (level 3, -1/21 HPs)
             Began as a Gargoyle Hunter on June 10, 2023.
             Killed by divine providence
             ... invoked by an orc priest
              (12 damage)
             ... on level 2 of the Dungeon.
             The game lasted 00:00:18 (1052 turns).

qw the Shooter (Gargoyle Hunter)                    Turns: 1052, Time: 00:00:18

Health: -1/21      AC:  7    Str: 14    XL:     3   Next: 18%
Magic:  3/3        EV: 11    Int:  9    God:
Gold:   82         SH:  0    Dex: 15    Spells: 2/2 levels left

rFire   . . .        Y - +0 shortbow
rCold   . . .        (shield currently unavailable)
rNeg    + . .        c - +0 leather armour
rPois   inf          (no helmet)
rElec   +            (no cloak)
rCorr   .            (no gloves)
SInv    .            h - +0 pair of boots
Will    .....        (no amulet)
Stlth   ++           (no ring)
HPRegen 0.23/turn    (no ring)
MPRegen 0.08/turn

%: no passive effects
@: no status effects
A: sickness immunity, AC +3, negative energy resistance 1, electricity
resistance, torment resistance 1, petrification resistance
a: no special abilities


You were on level 2 of the Dungeon.
You visited 1 branch of the dungeon, and saw 2 of its levels.

You collected 82 gold pieces.


Innate Abilities, Weirdness & Mutations

You are immune to sickness and miasma.
Your stone body is resilient. (AC +3)
You are immune to poison.
You resist negative energy. (rN+)
You are resistant to electric shocks. (rElec)
You are resistant to unholy torment.
You are immune to petrification.


   Skills:
 + Level 2.2 Fighting
 - Level 5.0 Ranged Weapons
 - Level 1.5 Dodging
 - Level 1.1 Stealth


You had 2 spell levels left.
You didn't know any spells.
Your spell library was empty.

Inventory:

Hand Weapons
 Y - a +0 shortbow (weapon)
Armour
 c - a +0 leather armour (worn)
 h - a +0 pair of boots (worn)
Scrolls
 a - a scroll of identify
 b - a scroll of brand weapon {unknown}
 d - a scroll of enchant armour {unknown}
 e - a scroll of fear {unknown}
 g - a scroll of teleportation {unknown}
Potions
 f - a potion of attraction {unknown}
 j - a potion of heal wounds {unknown}
 k - a potion of might {unknown}

Dungeon Overview and Level Annotations

Branches:
Dungeon (2/15)

Altars:

Shops:
D:1 :

Annotations:
D:2 1 runed translucent door, Crazy Yiuf


Message History

Enter note:
Enter note:
Enter note:
Enter note:
Enter note: You shoot an arrow.
The arrow hits the orc.
The orc is lightly wounded.
The orc barely misses you.
You shoot an arrow. The arrow hits the orc.
The orc is almost dead.
You shoot an arrow. The arrow barely misses the orc.
The orc barely misses you.
A frilled lizard comes into view.
You shoot an arrow. The frilled lizard hisses angrily.
The arrow hits the orc.
You kill the orc!
The orc closely misses you. The orc misses you.
The orc priest looks satisfied for a moment.
You shoot an arrow.
The arrow closely misses the orc priest.
The orc hits you but does no damage.
The orc priest begins to cast a cantrip, but forgets the words!
The orc hits you but does no damage.
You shoot an arrow.
The arrow closely misses the orc priest.
The orc hits you but does no damage. The orc hits you with a +0 dagger.
The orc priest barely misses you. The orc misses you.
The orc barely misses you.
The orc priest mumbles some strange prayers to Beogh against you.
Beogh smites you!
You shoot an arrow. The arrow barely misses the orc priest.
The orc closely misses you. The orc priest closely misses you.
The orc hits you but does no damage.
You shoot an arrow.
The arrow hits the orc priest but does no damage.
The orc barely misses you. The orc closely misses you.
The orc priest calls down the wrath of Beogh upon you.
Beogh smites you!
Ouch! That really hurt!
You die...

#.......).#............
.#......................
...#....#...............
...#....#...###....###..
............# #....###..
............# #.........
............# #.........
........#...# #.........
......)@##### ###.......
......ooo....# #.......
.........l..... #.......
##............. #.......
#............. #.......
###........... .......>
###.....###. ......#.
####### ......#%
........


You could see an orc priest, 2 orcs and a frilled lizard.

Vanquished Creatures
  A gnoll (D:1)
  An orc (D:2)
  A ball python (D:1)
  2 goblins
  2 hobgoblins (D:1)
  4 kobolds
  3 bats
  A frilled lizard (D:2)
  3 rats
18 creatures vanquished.

Notes
Turn   | Place    | Note
-------+----------+-------------------------------------------
     0 | D:1      | qw the Gargoyle Hunter began the quest for the Orb.
     0 | D:1      | Reached XP level 1. HP: 12/12 MP: 1/1
     0 | D:1      | 0 ||| qw: Version: 0.2-a-29-g767f381
     0 | D:1      | 0 ||| qw: Game counter: 3867
     0 | D:1      | 0 ||| qw: Always use a shield: true
     0 | D:1      | 0 ||| qw: God list: Okawaru
     0 | D:1      | 0 ||| qw: Allow faded altars: false
     0 | D:1      | 0 ||| qw: Do Orc after D:15 true
     0 | D:1      | 0 ||| qw: Do second Lair branch before Depths: true
     0 | D:1      | 0 ||| qw: Lair rune preference: random
     0 | D:1      | 0 ||| qw: Plans: Normal, Zot:1-4, Slime:5, God:TSO, Crypt,
                  | Tomb, Abyss, Pan, Hells, Win
     0 | D:1      | 0 ||| PLANNING D:1-11
    62 | D:1      | Reached XP level 2. HP: 14/17 MP: 2/2
    98 | D:1      | Found Mionisch's Vocational Training.
   713 | D:1      | 713 ||| UPGRADING to +0 pair of boots.
   718 | D:1      | 718 ||| READING 2 scrolls labelled ZANECH BASTY.
   719 | D:1      | 719 ||| READING scroll labelled QAMIMNIAVUTI.
   720 | D:1      | 720 ||| READING scroll labelled WILIYNG SEUVUF.
   721 | D:1      | 721 ||| READING scroll labelled DOOLER DEKLIVAFA.
   734 | D:1      | 734 ||| DROPPING scroll of noise.
   735 | D:1      | 735 ||| DROPPING scroll of butterflies.
   857 | D:2      | Reached XP level 3. HP: 21/21 MP: 3/3
   918 | D:2      | Found a runed translucent door.
   919 | D:2      | Noticed Crazy Yiuf
  1033 | D:2      | Reached skill level 5 in Ranged Weapons
  1052 | D:2      | Killed from afar by an orc priest

Levels and vault maps discovered:
D:1:      nzn_arrival_depleted_hourglass, layout_loops_ring,
          nicolae_shop_vocational
D:2:      layout_basic, hellmonk_ecumenical_altar_zigzags,
          wad_floor_pattern_untrapped, uniq_crazy_yiuf_cottage

Skill      XL: |  1  2  3 |
---------------+----------+-----
Ranged Weapons | 5 |  5.0
Fighting       | |  2.2
Dodging        | |  1.5
Stealth        | |  1.1

Action                     || total
---------------------------++-------
   Fire: Shortbow          ||    62
    Use: Scroll            ||     4
 Armour: Leather armour    ||    10
  Dodge: Dodged            ||    13

Table legend:
 A = Non-vault XP
 B = Vault XP
 C = Vault XP percentage of total XP
 D = Non-vault monster count
 E = Vault monster count
 F = Vault count percentage of total count
                 A         B        C        D         E       F
            +---------+---------+-------+---------+---------+-------
      Total |      43 |       0 |   0.0 |      18 |       0 |   0.0
            +---------+---------+-------+---------+---------+-------
        D:1 |      29 |       0 |   0.0 |      10 |       0 |   0.0
        D:2 |      14 |       0 |   0.0 |       8 |       0 |   0.0
            +---------+---------+-------+---------+---------+-------
